 Dungeon Crawl Stone Soup version 0.21.1-1-g345015f (webtiles) character file.

603 pskda the Slasher (level 7, 0/58 HPs)
             Began as a Hill Orc Fighter on June 1, 2018.
             Was a Follower of the Shining One.
             Killed from afar by an orc wizard (7 damage)
             ... with a puff of flame
             ... on level 4 of the Dungeon on June 16, 2018.
             The game lasted 00:21:15 (2811 turns).

pskda the Slasher (Hill Orc Fighter)                Turns: 2811, Time: 00:21:16

Health: 0/58       AC:  9    Str: 21    XL:     7   Next: 42%
Magic:  7/7        EV:  6    Int:  8    God:    the Shining One [*.....]
Gold:   54         SH: 10    Dex: 10    Spells: 5/6 levels left

rFire    . . .     SeeInvis .   v - +0 long sword
rCold    . . .     Gourm    .   c - +0 shield
rNeg     . . .     Faith    .   h - +0 chain mail
rPois    +         Spirit   .   (no helmet)
rElec    .         Reflect  .   (no cloak)
rCorr    .         Harm     .   (no gloves)
MR       .....                  (no boots)
Stlth    ..........             s - amulet of regeneration
HPRegen  0.59/turn              i - ring of poison resistance
MPRegen  0.10/turn              (no ring)

@: glowing
A: no striking features
a: Renounce Religion


You were on level 4 of the Dungeon.
You worshipped the Shining One.
The Shining One was aware of your devotion.
You were hungry.

You visited 1 branch of the dungeon, and saw 4 of its levels.

You collected 54 gold pieces.

Inventory:

Hand Weapons
 v - a +0 long sword (weapon)
Armour
 b - a +0 scale mail
 c - a +0 shield (worn)
 h - a +0 chain mail (worn)
Jewellery
 i - a ring of poison resistance (left hand)
 j - an uncursed amulet of harm
 m - an uncursed ring of protection from fire {unknown}
 p - an uncursed ring of wizardry {unknown}
 s - an amulet of regeneration (around neck)
 u - a +2 ring of dexterity {unknown}
Potions
 d - 3 potions of might
 g - 2 potions of heal wounds {unknown}
 n - 2 potions of flight {unknown}
 o - a potion of mutation {unknown}
 t - 2 potions of curing {unknown}
Books
 a - a book of Cantrips

   Spells                             Type                      Level
   a - Confusing Touch                Hexes                        1
   b - Animate Skeleton               Necromancy                   1
   c - Summon Small Mammal            Summoning                    1
   d - Apportation                    Translocation                1
Comestibles
 f - 8 rations


   Skills:
 - Level 3.7 Fighting
 + Level 6.3 Long Blades
 + Level 5.2 Armour
 + Level 5.4 Shields


You had 5 spell levels left.
You knew the following spells:

 Your Spells              Type           Power        Failure   Level  Hunger
a - Confusing Touch       Hex            #.....       100%        1    ##.....


Dungeon Overview and Level Annotations

Branches:
Dungeon (4/15)
 Temple: D:4-7

Altars:
Ashenzari
Gozag
Makhleb
Qazlal
Ru
Sif Muna
Uskayaw
Xom
The Shining One

Shops:
D:3 *


Message History

You hit the orc warrior but do no damage.
The orc warrior is moderately wounded.
The orc wizard miscasts a cantrip.
You block the orc warrior's attack. The orc hits you but does no damage.
You hit the orc warrior.
The orc warrior is heavily wounded.
The orc wizard hits you but does no damage.
The orc hits you but does no damage.
The orc warrior hits you with a battleaxe!!
* * * LOW HITPOINT WARNING * * *
Your shield and chain mail prevent you from hitting the orc warrior.
The orc warrior is heavily wounded.
The orc wizard gestures at you while chanting.
The puff of frost hits you!
* * * LOW HITPOINT WARNING * * *
The orc hits you but does no damage.
The orc warrior hits you but does no damage.
The orc wizard gestures at you while chanting.
The puff of flame hits you!
You die...

#.. ..##.# #.. ..##.#
##+# #.# #.##.# ##...#
#.###.##.# ##.....##
#........## #.......##
##.###.##...
.........####...##.##.##
♣...o@.'..............
♣....oo####....#.##...
♣.....## #......#####
♣....## ##...### ♣...#
##.## ....# #.# ####.
#.# .. #.#


You could see an orc warrior, an orc wizard and an orc.

Vanquished Creatures
  The ghost of Tiareth the Slasher, an amateur HuMo (D:3)
  A crimson imp (D:3)
  3 hounds (D:4)
  An orc wizard (D:4)
  An iguana (D:4)
  Terence (D:2)
  Ijyb (D:3)
  A worker ant (D:4)
  A hound skeleton (D:4)
  Robin (D:3)
  3 gnolls (D:2)
  An adder (D:3)
  An ooze (D:3)
  An adder skeleton (D:2)
  4 worms
  A leopard gecko (D:2)
  5 orcs
  A ball python (D:4)
  2 giant cockroaches (D:2)
  18 goblins
  6 hobgoblins
  2 jackals (D:1)
  A quokka (D:4)
  5 bats
  A frilled lizard (D:2)
  A jackal skeleton (D:4)
  8 kobolds
  8 rats
81 creatures vanquished.

Notes
Turn   | Place    | Note
-------+----------+-------------------------------------------
     0 | D:1      | pskda the Hill Orc Fighter began the quest for the Orb.
     0 | D:1      | Reached XP level 1. HP: 19/19 MP: 1/1
   177 | D:1      | Reached XP level 2. HP: 11/27 MP: 2/2
   483 | D:2      | Reached XP level 3. HP: 19/33 MP: 3/3
   520 | D:2      | Found a shimmering altar of Xom.
   781 | D:2      | Noticed Terence
   809 | D:2      | Killed Terence
   809 | D:2      | Reached skill level 3 in Long Blades
   809 | D:2      | Reached XP level 4. HP: 22/40 MP: 4/4
   932 | D:2      | Found a sacrificial altar of Ru.
   937 | D:2      | Found an opulent altar of Gozag.
   945 | D:2      | Found a glowing golden altar of the Shining One.
   955 | D:2      | Became a worshipper of the Shining One
  1084 | D:2      | Found a deep blue altar of Sif Muna.
  1316 | D:2      | Found a stormy altar of Qazlal.
  1452 | D:3      | Reached XP level 5. HP: 40/46 MP: 5/5
  1516 | D:3      | Reached skill level 4 in Long Blades
  1572 | D:3      | Noticed Ijyb
  1574 | D:3      | Noticed Robin
  1593 | D:3      | Killed Ijyb
  1617 | D:3      | Killed Robin
  1716 | D:3      | Found Gozag's Platinum Reserve.
  1717 | D:3      | Found an opulent altar of Gozag.
  2022 | D:3      | Noticed Tiareth's ghost (amateur HuMo)
  2037 | D:3      | Killed Tiareth's ghost
  2037 | D:3      | Reached skill level 5 in Long Blades
  2037 | D:3      | Reached skill level 5 in Shields
  2037 | D:3      | Reached XP level 6. HP: 41/52 MP: 6/6
  2171 | D:3      | Found a hide-covered altar of Uskayaw.
  2363 | D:4      | Reached skill level 5 in Armour
  2405 | D:4      | Learned a level 1 spell: Confusing Touch
  2440 | D:4      | Found a shattered altar of Ashenzari.
  2494 | D:4      | Reached * piety under the Shining One
  2502 | D:4      | Reached XP level 7. HP: 43/58 MP: 7/7
  2556 | D:4      | Reached skill level 6 in Long Blades
  2710 | D:4      | Found a burning altar of Makhleb.
  2811 | D:4      | Killed from afar by an orc wizard

Skill      XL: |  1  2  3  4  5  6  7 |
---------------+----------------------+-----
Long Blades    | 3 5 6 |  6.3
Shields        | 4 5 |  5.4
Armour         | 4 5 |  5.2
Fighting       | |  3.7

Action                   |  1- 3 |  4- 6 |  7- 9 || total
-------------------------+-------+-------+-------++-------
Melee: Long sword        |   131 |   180 |    53 ||   364
  Use: Scroll            |       |     6 |     1 ||     7
  Eat: Chunk             |       |     3 |       ||     3
       Ration            |       |     1 |       ||     1
Armor: Scale mail        |    16 |       |       ||    16
       Chain mail        |    48 |    89 |    15 ||   152
Dodge: Dodged            |    29 |    40 |     8 ||    77
Block: Shield            |    61 |   110 |    30 ||   201
       Rpst.: Long sword |     6 |     9 |     2 ||    17
